 Dungeon Crawl Stone Soup version 0.31.0-12-g77e489cdc1 (webtiles) character file.

Game seed: 10859649817062561116

63 Silvore the Trooper (level 3, 0/29 HPs)
             Began as a Demonspawn Fighter on Feb 11, 2024.
             Slain by Terence
             ... wielding a +1 short sword of speed
              (6 damage)
             ... on level 2 of the Dungeon.
             The game lasted 00:02:24 (1071 turns).

Silvore the Trooper (Demonspawn Fighter)            Turns: 1071, Time: 00:02:24

Health: 0/29       AC:  8    Str: 18    XL:     3   Next: 87%
Magic:  3/3        EV:  8    Int:  8    God:
Gold:   89         SH:  8    Dex: 12    Spells: 2/2 levels left

rFire   . . .        a - +0 long sword
rCold   . . .        f - +0 kite shield
rNeg    . . .        b - +0 scale mail
rPois   .            l - +1 helmet
rElec   .            (no cloak)
rCorr   .            (no gloves)
SInv    .            (no boots)
Will    .....        (no amulet) Stlth
                     (no ring)
HPRegen 0.24/turn    (no ring)
MPRegen 0.08/turn

%: no passive effects
@: mighty
A: powered by pain 1
a: no special abilities


You were on level 2 of the Dungeon.
You visited 1 branch of the dungeon, and saw 2 of its levels.

You collected 89 gold pieces.

Inventory:

Hand Weapons
 a - a +0 long sword (weapon)
Armour
 b - a +0 scale mail (worn)
 c - a +0 buckler
 f - a +0 kite shield (worn)
 l - a +1 helmet (worn)
Jewellery
 e - a +6 ring of strength
Scrolls
 i - a scroll of fog {unknown}
 k - a scroll of teleportation
 m - a scroll of identify {unknown}
Potions
 g - a potion of curing {unknown}
 h - a potion of ambrosia {unknown}
 j - a potion of berserk rage {unknown}
 n - a potion of enlightenment {unknown}


   Skills:
 + Level 3.5 Fighting
 + Level 2.5 Long Blades
 + Level 3.1 Armour
 + Level 0.3 Dodging
 + Level 3.0 Shields


You had 2 spell levels left.
You didn't know any spells.
Your spell library was empty.

Dungeon Overview and Level Annotations

Branches:
Dungeon (2/15)

Altars:

Annotations:
D:2 Terence


Innate Abilities, Weirdness & Mutations

You sometimes gain a little power by taking damage.


Message History

You closely miss the giant cockroach.
The giant cockroach is severely wounded.
The giant cockroach bites you. You block the kobold's attack.
The giant cockroach bites you but does no damage.
You hit the giant cockroach.
You kill the giant cockroach!
You block the kobold's attack. The kobold closely misses you.
Terence shouts, "ATTACK!!!"
You block Terence's attack.
You hit the kobold.
The kobold is heavily wounded.
You block Terence's attack. The kobold hits you with a +0 dagger.
Terence hits you with a +1 short sword of speed.
You hit Terence.
Terence is lightly wounded.
You block the kobold's attack.
Terence hits you with a +1 short sword of speed. x2
You block the kobold's attack.
You hit Terence but do no damage.
Terence is lightly wounded.
Terence hits you but does no damage. Terence closely misses you.
You block the kobold's attack.
Terence hits you with a +1 short sword of speed.
Unknown command.
You feel very mighty all of a sudden. You block the kobold's attack.
Terence hits you with a +1 short sword of speed.
You closely miss Terence.
Terence is lightly wounded.
Terence barely misses you. The kobold hits you but does no damage.
Terence hits you with a +1 short sword of speed.
* * * LOW HITPOINT WARNING * * *
You closely miss Terence.
Terence is lightly wounded.
The kobold hits you with a +0 dagger.
* * * LOW HITPOINT WARNING * * *
Terence hits you but does no damage.
Terence hits you with a +1 short sword of speed.
You die...
Terence says, "That felt goooood."

#.........#...##
#######
#..............)
.......
#......†..#######
#######
######.#### #..#
#..# #..# #..##
#..@# #.K@# #....
# #..... #
#...... .
#....(.. .
#.......?
..........


You could see Terence and a kobold.

Vanquished Creatures
  An adder (D:2)
  A dart slug (D:2)
  8 ball pythons (D:1)
  3 endoplasms (D:1)
  2 giant cockroaches
  6 hobgoblins
  6 jackals
  5 kobolds (D:1)
  4 quokkas
  A bat (D:1)
  A frilled lizard (D:1)
  4 goblins (D:1)
  2 rats (D:1)
44 creatures vanquished.

Notes
Turn   | Place    | Note
-------+----------+-------------------------------------------
     0 | D:1      | Silvore the Demonspawn Fighter began the quest for the Orb.
     0 | D:1      | Reached XP level 1. HP: 18/18 MP: 1/1
    97 | D:1      | Gained mutation: You sometimes gain a little power by
                  | taking damage. [demonic ancestry]
    97 | D:1      | Reached XP level 2. HP: 21/24 MP: 2/2
   299 | D:1      | Reached XP level 3. HP: 25/29 MP: 3/3
  1054 | D:2      | Noticed Terence
  1071 | D:2      | Slain by Terence

Illustrated notes

Levels and vault maps discovered:
D:1:      spicycebolla_arrival_ecumenical, layout_basic, hangedman_decor_points,
          minmay_heptomino_h4
D:2:      layout_rooms, uniq_terence

Skill      XL: |  1  2  3 |
---------------+----------+-----
Long Blades    | 2 |  2.5
Armour         | 3 |  3.1
Shields        | 3 |  3.0
Fighting       | |  3.5
Dodging        | |  0.3

Action                     || total
---------------------------++-------
  Melee: Long sword        ||   148
    Use: Scroll            ||     3
         Potion            ||     1
 Armour: Scale mail        ||   151
  Dodge: Dodged            ||    85
  Block: Buckler           ||    13
         Kite shield       ||    84
